Map: Prion Terraces

Players

lesha

  • Race: Terran Terran
  • League: Silver

StranaOz - Winner!

  • Race: Zerg Zerg
  • League: Gold

VOD

Have the link to the VOD?

Description

Time

  • Played on: Dec. 30, 2015, 4:28 a.m.
  • Length: 12:46
Show
View Real Time Build Order
Export as new Build Order

lesha Terran 

Build Orders: Reaper Expand 

Get SALT Encoding   

  12  0:01  SCV  
  13  0:13  SCV  
  14  0:18  Supply Depot  
  14  0:25  SCV  
  15  0:40  SCV  
  15  0:41  Barracks  
  16  0:47  Refinery  
  16  0:52  SCV  
  17  1:04  SCV  
  18  1:16  SCV  
  19  1:29  Orbital Command  
  19  1:30  Reaper  
  20  1:44  Command Center  
  20  1:54  Supply Depot  
  20  1:59  SCV  
  21  2:07  Factory  
  21  2:11  SCV  
  22  2:23  SCV  
  22  2:39  Barracks Reactor  
  19  2:57  Hellion  
  21  3:02  SCV  
  18  3:14  SCV  
  18  3:26  SCV  
  18  3:28  Marine x2  
  19  3:38  SCV  
  20  3:46  Marine x2  
  20  3:47  Hellion  
  24  3:50  SCV  
  25  4:02  SCV, Starport  
  26  4:04  Refinery  
  26  4:08  Barracks  
  26  4:14  SCV  
  27  4:18  Hellion  
  29  4:26  SCV  
  30  4:39  SCV  
  31  4:57  Liberator  
  31  5:04  Barracks Reactor  
  31  5:14  SCV  
  31  5:15  Marine  
  31  5:17  Supply Depot x3  
  31  5:20  Factory Reactor  
  37  5:26  Marine  
  34  5:45  Marine x2  
  34  5:47  Barracks Tech Lab  
  36  5:53  Command Center  
  36  5:56  SCV  
  37  6:00  Widow Mine  
  39  6:06  Supply Depot  
  39  6:09  Supply Depot  
  39  6:10  Supply Depot  
  39  6:27  Widow Mine  
  39  6:28  SCV, Medivac, Marine x2  
  46  6:40  SCV  
  46  6:46  Marine x3  
  50  6:48  Widow Mine  
  52  6:56  Supply Depot x2  
  52  6:57  SCV  
  53  7:09  SCV  
  53  7:12  Orbital Command  
  54  7:21  SCV  
  55  7:35  Marine x2  
  55  7:36  Marine  
  58  7:42  Starport Reactor  
  58  7:46  Stimpack, Barracks  
  58  7:50  Barracks  
  58  7:53  Marine  
  58  7:54  SCV x2  
  61  8:06  SCV  
  62  8:13  SCV  
  62  8:16  Marine x2  
  62  8:18  SCV  
  62  8:19  Marauder  
  68  8:20  Medivac x2  
  68  8:26  SCV  
  73  8:30  SCV  
  73  8:31  Supply Depot  
  73  8:32  Supply Depot  
  74  8:40  Marine x5  
  79  8:58  Marine x2  
  79  9:02  Barracks Reactor  
  81  9:03  Barracks Reactor  
  81  9:07  SCV x2  
  83  9:19  SCV x2  
  83  9:23  Command Center, Marine x3  
  88  9:25  Medivac  
  88  9:26  Medivac  
  92  9:34  Engineering Bay  
  92  9:36  Engineering Bay  
  92  9:37  SCV x2  
  94  9:43  Widow Mine  
  94  9:44  Widow Mine  
  98  9:46  Marine x2  
  98  9:47  Marine x2  
  98  9:49  SCV x2  
  104  9:56  Marine x3  
  107  10:04  Marine  
  107  10:17  Marine x3  
  110  10:27  Supply Depot, Marine  
  110  10:34  Supply Depot  
  110  10:48  Marine x4  
  110  10:49  Medivac x2  
  111  11:04  Marine x2  
  111  11:05  Marine  
  111  11:06  Marine x3  
  114  11:18  Medivac, Marine  
  114  11:22  Marine x3  
  120  11:26  Command Center  
  120  11:30  Factory  
  118  11:32  Factory  
  118  11:34  Marine x3  
  118  11:36  Marine  
  122  11:40  Marine x2  
  122  11:41  Orbital Command  
  122  11:43  SCV x2  
  126  11:52  Marine x4  
  126  11:53  Medivac  
  126  11:54  Medivac  
  134  11:55  SCV x2  
  134  11:57  Hellion x2  
  140  12:12  Marine  
  141  12:18  Marine x2  
  141  12:19  Marine  
  141  12:20  Marine x2  
  141  12:22  Supply Depot  
  138  12:24  Supply Depot  
  138  12:26  Supply Depot  
Show
View Real Time Build Order
Export as new Build Order

StranaOz Zerg - Winner!

Build Orders: Pool First 

Get SALT Encoding   

  12  0:01  Drone  
  13  0:13  Overlord  
  13  0:23  Drone  
  14  0:32  Drone  
  15  0:40  Spawning Pool  
  15  0:42  Drone  
  15  0:46  Drone  
  16  0:56  Extractor  
  15  0:58  Drone  
  15  0:59  Drone  
  17  1:08  Drone  
  18  1:28  Hatchery  
  18  1:31  Zergling x4  
  19  1:40  Queen  
  21  1:48  Overlord  
  21  2:01  Zergling x2  
  22  2:05  Overlord  
  22  2:47  Zergling x8  
  26  3:03  Zergling x8  
  26  3:04  Zergling x2  
  30  3:20  Zergling x2  
  30  3:21  Zergling x2  
  32  3:33  Zergling x4  
  32  3:34  Zergling x2  
  34  3:36  Queen  
  34  3:38  Queen  
  38  3:56  Baneling Nest  
  37  4:04  Metabolic Boost  
  37  4:05  Drone  
  37  4:06  Drone x3  
  41  4:11  Drone x2  
  41  4:12  Drone  
  44  4:36  Overlord  
  44  4:37  Overlord x2  
  44  4:41  Hatchery  
  44  4:44  Baneling x2  
  44  4:45  Baneling x2  
  41  4:50  Baneling  
  41  4:51  Baneling  
  39  5:04  Roach Warren  
  27  5:44  Roach  
  27  5:45  Roach x4  
  27  5:49  Queen  
  39  5:59  Roach x4  
  39  6:00  Drone x4, Roach x2  
  55  6:15  Evolution Chamber  
  55  6:16  Evolution Chamber, Drone  
  55  6:17  Drone x2  
  56  6:34  Drone x4  
  60  6:41  Drone x3  
  60  6:42  Drone x2  
  60  6:43  Drone  
  60  6:47  Extractor  
  65  7:00  Drone, Roach x4  
  74  7:05  Zerg Ground Armor Level 1  
  68  7:38  Lair  
  68  7:47  Extractor  
  68  7:50  Extractor  
  66  7:59  Drone x5  
  66  8:00  Drone x3  
  66  8:01  Overlord x3  
  66  8:02  Overlord  
  74  8:22  Zerg Missile Weapons Level 1  
  74  8:24  Hatchery, Roach x5  
  74  8:25  Roach x3  
  89  8:41  Zergling x2  
  89  8:42  Zergling x4  
  89  8:46  Glial Reconstitution  
  90  9:08  Spire  
  89  9:10  Zerg Melee Weapons Level 1  
  89  9:16  Drone x4  
  89  9:17  Drone x6  
  95  9:18  Drone x3  
  102  9:51  Drone x4  
  102  9:52  Drone x4  
  110  9:57  Extractor x2  
  108  10:02  Queen  
  110  10:25  Mutalisk  
  110  10:27  Overlord x3  
  111  10:44  Overlord x2  
  111  10:45  Overlord x5  
  111  10:47  Mutalisk x4  
  111  10:48  Mutalisk x6  
  129  11:42  Roach x3  
  129  11:43  Roach x6  
  129  11:44  Roach x3  
  153  11:55  Overseer  
  153  12:10  Roach x2  
  153  12:11  Roach x6  
  153  12:12  Roach x4  
  177  12:22  Hatchery  
Tags
 
Add a new tag
Caveats
  • Supply blocks, unpowered buildings, or Contaminate may cause inaccurate times.
  • Supply counts are checked every 10 seconds.